 Dungeon Crawl Stone Soup version 0.28-a0-1213-g0243856f03 (webtiles) character file.

Game seed: 16246732219516591149

53 mcbry74 the Chopper (level 3, -4/29 (30) HPs)
             Began as a Hill Orc Gladiator on Dec 21, 2021.
             Slain by a gnoll (8 damage)
             ... on level 3 of the Dungeon.
             The game lasted 00:02:56 (2189 turns).

mcbry74 the Chopper (Hill Orc Gladiator)            Turns: 2189, Time: 00:02:56

HP:   -4/29 (30)    AC:  4    Str: 18    XL:     3   Next: 89%
MP:   3/3           EV: 12    Int:  8    God:
Gold: 92            SH:  0    Dex: 12    Spells: 2/2 levels left

rFire   . . .      SeeInvis .   a - +0 war axe
rCold   . . .      Faith    .   (no shield)
rNeg    . . .      Spirit   .   b - +0 leather armour
rPois   .          Reflect  .   c - +0 helmet
rElec   .          Harm     .   (no cloak)
rCorr   .          Rampage  .   (no gloves)
Will    .....                   (no boots)
Stlth   +.........              (no amulet)
HPRegen 0.09/turn               (no ring)
MPRegen 0.08/turn               (no ring)

@: lightly drained
A: no striking features
a: no special abilities


You were on level 3 of the Dungeon.
You visited 1 branch of the dungeon, and saw 3 of its levels.

You collected 92 gold pieces.

Inventory:

Hand Weapons
 a - a +0 war axe (weapon)
Missiles
 d - 4 throwing nets (quivered)
 e - 22 arrows
Armour
 b - a +0 leather armour (worn)
 c - a +0 helmet (worn)
Scrolls
 f - a scroll of holy word {unknown}
 g - 3 scrolls of teleportation {unknown}
 i - a scroll of acquirement {unknown}
 l - a scroll of fog {unknown}
 p - a scroll of enchant weapon {unknown}
 q - 3 scrolls of blinking {unknown}
Potions
 h - a potion of flight {unknown}
 j - a potion of haste {unknown}
 k - 2 potions of curing {unknown}
 m - a potion of heal wounds {unknown}
 n - a potion of lignification {unknown}
 o - a potion of degeneration {unknown}
 r - a potion of berserk rage {unknown}


   Skills:
 - Level 2.4 Fighting
 + Level 6.2 Axes
 - Level 1.7 Throwing
 - Level 2.4 Dodging


You had 2 spell levels left.
You didn't know any spells.
Your spell library contained the following spells:

 Spells                   Type           Power      Damage    Failure   Level
 Sandblast                Erth           0%         2d4       45%         1
 Passwall                 Tmut/Erth      0%         N/A       61%         2
 Stone Arrow              Conj/Erth      0%         3d7       83%         3


Dungeon Overview and Level Annotations

Branches:
Dungeon (3/15)

Altars:
Gozag
Yredelemnul


Message History

The frilled lizard hisses angrily.
A frilled lizard is nearby!
Found 19 sling bullets.
The frilled lizard barely misses you.
You miss the frilled lizard. The frilled lizard barely misses you.
You hit the frilled lizard but do no damage.
The frilled lizard closely misses you. The frilled lizard misses you.
You slash the frilled lizard!
You kill the frilled lizard!
A goblin comes into view. It is wielding a +0 club.
The goblin shouts!
A goblin is nearby!
A giant cockroach comes into view.
The goblin barely misses you.
You slash the goblin!
You kill the goblin!
A gnoll comes into view. It is wielding a +0 whip.
The giant cockroach misses you.
Things that are here:
a +0 club; a goblin corpse You hit the giant cockroach.
You kill the giant cockroach!
A gnoll comes into view. It is wielding a +0 halberd.
You see here a giant cockroach corpse.
You slash the gnoll!
The gnoll is severely wounded.
The gnoll misses you. The gnoll hits you with a +0 whip.
The gnoll barely misses you.
You barely miss the gnoll. You completely miss the gnoll.
The gnoll hits you with a +0 whip. The gnoll hits you with a +0 halberd!
Ouch! That really hurt!
* * * LOW HITPOINT WARNING * * *
You barely miss the gnoll. You closely miss the gnoll.
The gnoll barely misses you. The gnoll hits you with a +0 halberd.
* * * LOW HITPOINT WARNING * * *
You hit the gnoll.
The gnoll is moderately wounded.
You completely miss the gnoll. The gnoll hits you with a +0 whip.
* * * LOW HITPOINT WARNING * * *
The gnoll hits you with a +0 halberd!
You die...

###### ####......
.........
#g.......
#@..(....
#†g......
####)..#####
#......+ #.##...#
.. #....#..
#####....#.#
#....##...#+#####
#.#### #........#


You could see 2 gnolls.

Vanquished Creatures
  3 dart slugs (D:2)
  3 bats
  6 endoplasms
  3 giant cockroaches
  4 goblins
  4 hobgoblins
  A jackal (D:2)
  3 kobolds
  2 quokkas
  3 ball pythons (D:2)
  3 frilled lizards
  7 rats
42 creatures vanquished.

Notes
Turn   | Place    | Note
-------+----------+-------------------------------------------
     0 | D:1      | mcbry74 the Hill Orc Gladiator began the quest for the Orb.
     0 | D:1      | Reached XP level 1. HP: 18/18 MP: 1/1
   146 | D:1      | Reached XP level 2. HP: 24/25 MP: 2/2
   285 | D:1      | Reached skill level 5 in Axes
  1157 | D:2      | Reached XP level 3. HP: 29/30 MP: 3/3
  1621 | D:2      | Reached skill level 6 in Axes
  2132 | D:3      | Found an opulent altar of Gozag.
  2135 | D:3      | Found a basalt altar of Yredelemnul.
  2189 | D:3      | Slain by a gnoll

Illustrated notes

Levels and vault maps discovered:
D:1:      noname_arrival_rooms_in_the_neighbourhood, layout_loops_ring
D:2:      layout_loops_cross, minmay_box_of_dots
D:3:      layout_basic, grunt_temple_overflow_open,
          amcnicky_mini_corridor_feature, amcnicky_mini_pool_small

Skill      XL: |  1  2  3 |
---------------+----------+-----
Axes           | 5 6 |  6.2
Fighting       | |  2.4
Throwing       | |  1.7
Dodging        | |  2.4

Action                   || total
-------------------------++-------
Melee: War axe           ||   110
Armor: Leather armour    ||    35
Dodge: Dodged            ||    65

Table legend: (Time is in decaauts)
 A = Elapsed time spent in this place.
 B = Non-inter-level travel time spent in this place.
 C = Inter-level travel time spent in this place.
 D = Time resting spent in this place.
 E = Time spent auto-exploring this place.
 F = Levels seen in this place.
 G = Mean time per level.
                   A        B        C        D        E       F      G
               +--------+--------+--------+--------+--------+-----+--------+
         Total |   2214 |   2183 |     31 |    475 |   1369 |   3 |  738.0 |
       Dungeon |   2214 |   2183 |     31 |    475 |   1369 |   3 |  738.0 |
               +--------+--------+--------+--------+--------+-----+--------+

Top non-repeatable levels by time:
     D:2: 1078 daAuts
     D:1: 1026 daAuts
     D:3: 108 daAuts
